 Dungeon Crawl Stone Soup version 0.25-a0-353-ged6d54792d (webtiles) character file.

Game seed: 18297289096383145535, levelgen mode: deterministic

7760 Conn the Archer (level 11, -20/77 HPs)
             Began as an Octopode Fire Elementalist on Jan 2, 2020.
             Was a Priest of Sif Muna.
             Engulfed by a cloud of flame (22 damage)
             ... on level 9 of the Dungeon on Jan 3, 2020.
             The game lasted 01:09:19 (13688 turns).

Conn the Archer (Octopode Fire Elementalist)       Turns: 13688, Time: 01:09:19

Health: -20/77     AC:  3    Str: 12    XL:     11   Next: 20%
Magic:  1/18       EV: 17    Int: 17    God:    Sif Muna [***...]
Gold:   495        SH:  0    Dex: 21    Spells: 3/19 levels left

rFire    . . .     SeeInvis .   a - +8 whip "Qiubu" {elec, *Noise rElec Dex+3}
rCold    + + +     Gourm    .   (no shield)
rNeg     . . .     Faith    .   (helmet restricted)
rPois    .         Spirit   .   p - amulet "Kiajeibloi" {*Corrode +Inv rElec MR+++ Regen+}
rElec    +         Reflect  .   r - ring of protection from cold
rCorr    .         Harm     .   w - +4 ring of dexterity
MR       +++..                  A - ring of protection from cold
Stlth    +++++.....             (no ring)
HPRegen  0.62/turn              (no ring)
MPRegen  0.16/turn              (no ring)
                                (no ring)
                                (no ring)

@: very slightly contaminated
A: almost no armour, stealthy swim, amphibious, 8 rings, constrict 8, rugged
brown scales 1, camouflage 1, cold resistance 1, shaggy fur 1, strong 1,
gelatinous body 1
a: Channel Magic, Forget Spell, Renounce Religion, Evoke Invisibility


You were on level 9 of the Dungeon.
You worshipped Sif Muna.
Sif Muna was most pleased with you.
You were hungry.

You visited 2 branches of the dungeon, and saw 11 of its levels.

You collected 495 gold pieces.

Inventory:

Hand Weapons
 a - the +8 whip "Qiubu" (weapon) {elec, *Noise rElec Dex+3}
   (You took it off a kobold on level 8 of the Dungeon)

   Occasionally, upon striking a foe, it will discharge some electrical energy
   and cause terrible harm.
   It affects your dexterity (+3).
   It insulates you from electricity.
   It may make noises in combat.
 b - the +11 shortbow "Wagik" {venom, rPois rF+ MR+ Stlth+}
   (You found it on level 6 of the Dungeon)

   It poisons the ammo it fires.
   It protects you from fire.
   It protects you from poison.
   It affects your resistance to hostile enchantments.
   It makes you more stealthy.
 e - a +0 short sword
 u - a +4 dagger of electrocution
 D - a +1 short sword of speed
Missiles
 n - 129 arrows
 o - 7 boomerangs of dispersal
 s - 57 sling bullets
 x - 5 curare-tipped darts (quivered)
Armour
 d - a +0 shield
Magical Staves
 t - an uncursed staff of earth
Jewellery
 p - the amulet "Kiajeibloi" (around mantle) {*Corrode +Inv rElec MR+++ Regen+}
   (You found it on level 7 of the Dungeon)

   [amulet of regeneration]

   It insulates you from electricity.
   It affects your resistance to hostile enchantments.
   It lets you turn invisible.
   It increases your rate of regeneration.
   It may corrode you when you take damage.
 r - a ring of protection from cold (left tentacle)
 w - a +4 ring of dexterity (right tentacle)
 A - a ring of protection from cold (on tentacle)
 H - an uncursed amulet of magic regeneration
Wands
 q - a wand of acid (3)
 z - a wand of iceblast (11)
 C - a wand of enslavement (1)
 F - a wand of polymorph (5)
Scrolls
 c - a scroll of identify
 i - 5 scrolls of amnesia
 j - 5 scrolls of remove curse
 y - 3 scrolls of teleportation
 B - a scroll of enchant armour
Potions
 f - a potion of agility
 g - a potion of mutation
 h - a potion of ambrosia
 k - 2 potions of heal wounds
 m - a potion of curing
 v - a potion of magic
Miscellaneous
 G - a phial of floods
Comestibles
 l - 17 rations
 E - a chunk of flesh


   Skills:
 * Level 7.0 Fighting
 + Level 4.1 Short Blades
 + Level 2.2 Maces & Flails
 * Level 9.3 Bows
 + Level 1.6 Throwing
 + Level 5.2 Dodging
 - Level 6.3 Stealth
 + Level 4.7 Spellcasting
 + Level 4.1 Conjurations
 + Level 0.8 Hexes
 - Level 5.3 Fire Magic
 * Level 4.8 Evocations


You had 3 spell levels left.
You knew the following spells:

 Your Spells              Type           Power        Failure   Level  Hunger
a - Foxfire               Conj/Fire      ###.         2%          1    None
b - Conjure Flame         Conj/Fire      ###.....     6%          3    ###....
c - Inner Flame           Hex/Fire       ##......     12%         3    ###....
d - Sticky Flame          Conj/Fire      ###.....     22%         4    ####...
e - Fireball              Conj/Fire      ###.......   52%         5    ######.

Your spell library contained the following spells:

 Spells                   Type           Power        Failure   Level  Hunger
 Beastly Appendage        Tmut           #.....       14%         1    None
 Sandblast                Erth           #.....       14%         1    None
 Song of Slaying          Chrm           #.......     22%         2    #......
 Sticks to Snakes         Tmut           #.......     22%         2    #......
 Spectral Weapon          Hex/Chrm       #.......     36%         3    ###....
 Spider Form              Tmut/Pois      #.........   41%         3    ###....
 Bolt of Magma            Conj/Fire/Erth ##........   75%         5    ######.
 Ice Form                 Ice/Tmut       #.......     82%         4    ####...
 Blade Hands              Tmut           #.........   99%         5    ######.
 Shatter                  Erth           #.........   100%        9    #######


Dungeon Overview and Level Annotations

Branches:
Dungeon (10/15)            Temple (1/1) D:5            Lair (0/6) D:9
    Orc (0/2) D:9

Altars:
Elyvilon
Fedhas
Gozag
Hepliaklqana
Kikubaaqudgha
Nemelex Xobeh
Okawaru
Qazlal
Ru
Sif Muna
Trog
Wu Jian
Zin

Shops:
D:4 *

Annotations:
D:7 3 runed translucent doors, astraldaughter's ghost, novice DEAE
D:8 burekbajo's ghost, novice MiBe
D:9 1 runed translucent door


Innate Abilities, Weirdness & Mutations

You cannot wear most types of armour.
You are very stealthy in the water. (Stealth+)
You are amphibious.
You can wear up to eight rings at the same time.
You can use your tentacles to constrict eight enemies at once.
Your skin changes colour to match your surroundings (Stealth+).
Your rubbery body absorbs attacks. (AC +1, EV +1)
You are partially covered in rugged brown scales. (AC +1, +3% HP)
Your flesh is cold resistant. (rC+)
You are covered in fur. (AC +1)
Your muscles are strong. (Str +2)


Message History

Press: ? - help, Shift-Dir - straight line The adder hisses angrily.
Something hits you.
Casting: Sticky Flame (slightly dangerous; 22% risk of failure)
Confirm with . or Enter, or press ? or * to list all spells.
You don't have enough magic to cast that spell.
Evoke which item? (* to show all) (? for menu, Esc to quit)
Aiming: Corrosive Bolt
Press: ? - help, Shift-Dir - straight line, f - orc priest
Aim: an orc priest, wielding a +0 dagger and wearing a +0 ring mail The bolt of acid hits something!
Flame seeps out of something.
The fiery explosion engulfs the orc priest!!
You kill the orc priest!
Sif Muna accepts your kill. The fiery explosion engulfs you!!
* * * LOW HITPOINT WARNING * * *
Sif Muna accepts your kill.
Reactivating autopickup.
You feel a bit more experienced.
You are engulfed in blazing flames.
You die...

.#. ≈... # #.. ...# #.
#.##..P##.# #.
#..PPPP...#
#.####≈.PP>P..≈
#....#..PP.P...#
#####..§§#S##P.P##.#..
....%..§○#..#...#..#..
##)...(##@#...≈...#...
#.# #..>.o
#....###.....# #.#
#.((). #.............
#.# #8...8
#####......... #.#
###)#########.....#####
####.# .o
#...........#...#..
.....####...
#...........#...#..
........#
#...........#...#.#
........#
#...........#...#.#


You could see an adder.

Vanquished Creatures
  Erolcha (D:9)
  3 two-headed ogres (D:9)
  A moth of wrath (D:8)
  2 trolls
  A hungry ghost (D:8)
  A steam dragon (D:7)
  2 orc warriors
  3 sky beasts
  4 phantoms
  2 ice beasts
  3 ogres
  4 centaurs
  2 big kobolds
  2 gnoll sergeants (D:8)
  2 bullfrogs
  A water moccasin zombie (D:6)
  3 scorpions
  11 killer bees
  6 electric eels (D:5)
  4 crimson imps
  2 orc priests
  8 hounds
  3 jellies
  A bullfrog skeleton (D:5)
  A centaur skeleton (D:5)
  An iguana (D:5)
  7 orc wizards
  7 worker ants
  A worker ant zombie (D:7)
  6 gnolls
  14 adders
  4 shadow imps
  An adder zombie (D:7)
  2 adder skeletons
  A worm (D:4)
  2 dart slugs
  5 leopard geckos
  22 orcs
  A ball python (D:5)
  9 giant cockroaches
  5 goblins
  6 hobgoblins
  6 jackals
  5 quokkas
  11 bats
  7 frilled lizards
  2 jackal skeletons
  11 kobolds
  A quokka skeleton (D:7)
  10 rats
  2 plants (D:5)
222 creatures vanquished.

Vanquished Creatures (others)
  307 foxfires
  3 fungi (D:7)
  A plant (D:7)
311 creatures vanquished.

Grand Total: 533 creatures vanquished

Notes
Turn   | Place    | Note
-------+----------+-------------------------------------------
     0 | D:1      | Conn the Octopode Fire Elementalist began the quest for the
                  | Orb.
     0 | D:1      | Reached XP level 1. HP: 11/11 MP: 3/3
   505 | D:1      | Reached XP level 2. HP: 14/17 MP: 0/5
   923 | D:1      | Reached XP level 3. HP: 19/21 MP: 4/6
  1780 | D:2      | Reached skill level 1 in Fighting
  1780 | D:2      | Reached XP level 4. HP: 19/28 MP: 3/7
  1961 | D:2      | Gained mutation: Your muscles are strong. (Str +2) [potion
                  | of mutation]
  1961 | D:2      | Gained mutation: You are covered in fur. (AC +1) [potion of
                  | mutation]
  1961 | D:2      | Gained mutation: You are partially covered in rugged brown
                  | scales. (AC +1, +3% HP) [potion of mutation]
  1961 | D:2      | Gained mutation: Your flesh is cold resistant. (rC+)
                  | [potion of mutation]
  2855 | D:3      | Learned a level 3 spell: Conjure Flame
  2859 | D:3      | Learned a level 3 spell: Inner Flame
  2909 | D:3      | Noticed a phantom
  3144 | D:3      | Killed a phantom
  3144 | D:3      | Reached XP level 5. HP: 18/35 MP: 4/9
  3308 | D:3      | Found a glowing silver altar of Zin.
  3600 | D:3      | Found a shimmering blue altar of Sif Muna.
  3655 | D:3      | Found an iron altar of Okawaru.
  3890 | D:4      | Found Cifarid's Assorted Antiques.
  4044 | D:4      | Reached XP level 6. HP: 19/41 MP: 4/10
  4255 | D:4      | Found an opulent altar of Gozag.
  4255 | D:4      | Found a stormy altar of Qazlal.
  4386 | D:3      | Became a worshipper of Sif Muna the Loreminder
  5002 | D:5      | Entered Level 5 of the Dungeon
  5129 | D:5      | Found a sacrificial altar of Ru.
  5237 | D:5      | Noticed a phantom
  5259 | D:5      | Killed a phantom
  5486 | D:5      | Reached skill level 1 in Short Blades
  5486 | D:5      | Reached XP level 7. HP: 41/47 MP: 10/12
  5592 | D:5      | Learned a level 4 spell: Sticky Flame
  5607 | D:5      | Found a hazy altar of Hepliaklqana.
  6338 | D:4      | Reached skill level 5 in Stealth
  6519 | D:5      | Found a staircase to the Ecumenical Temple.
  7127 | D:5      | Reached skill level 5 in Fire Magic
  7127 | D:5      | Reached XP level 8. HP: 41/55 MP: 14/14
  7571 | D:5      | Reached * piety under Sif Muna
  8309 | Temple   | Entered the Ecumenical Temple
  8760 | D:6      | Got a crude shortbow
  8761 | D:6      | Identified the +11 shortbow "Wagik" {venom, rPois rF+ MR+
                  | Stlth+} (You found it on level 6 of the Dungeon)
  9638 | D:6      | Reached skill level 1 in Bows
  9938 | D:6      | Found an ornate altar of the Wu Jian Council.
  9938 | D:6      | Found a sparkling altar of Nemelex Xobeh.
  9989 | D:6      | Identified the Tome of Helpful Stones
  9998 | D:6      | Learned a level 5 spell: Fireball
 10059 | D:7      | Reached skill level 5 in Fighting
 10059 | D:7      | Reached skill level 2 in Bows
 10059 | D:7      | Reached XP level 9. HP: 62/62 MP: 15/15
 10112 | D:7      | Reached skill level 3 in Bows
 10143 | D:7      | Reached ** piety under Sif Muna
 10221 | D:7      | Reached skill level 4 in Bows
 10325 | D:7      | You fall into a shaft and drop 3 floors!
 10325 | D:10     | Entered Level 10 of the Dungeon
 10366 | D:9      | Noticed a two-headed ogre
 10929 | D:8      | Reached skill level 5 in Bows
 10989 | D:8      | Found a white marble altar of Elyvilon.
 11162 | D:8      | Found a transporter.
 11174 | D:7      | Got a steaming diamond amulet
 11175 | D:7      | Identified the amulet "Kiajeibloi" {*Corrode +Inv rElec
                  | MR+++ Regen+} (You found it on level 7 of the Dungeon)
 11195 | D:7      | Reached skill level 6 in Bows
 11205 | D:7      | Reached skill level 1 in Evocations
 11273 | D:7      | Found a runed translucent gate.
 11274 | D:7      | Found a runed translucent gate.
 11274 | D:7      | Noticed a kobold demonologist
 11275 | D:7      | Found a runed translucent gate.
 11277 | D:7      | Identified the +1 whip of Crawling {venom, rC+ Str+4 Int+5}
 11278 | D:7      | Noticed astraldaughter's ghost (novice DEAE)
 12188 | D:8      | Reached XP level 10. HP: 70/70 MP: 9/16
 12432 | D:8      | Reached skill level 7 in Bows
 12543 | D:8      | Found a bloodstained altar of Trog.
 12543 | D:8      | Noticed a moth of wrath
 12543 | D:8      | Noticed burekbajo's ghost (novice MiBe)
 12551 | D:8      | Found a transporter.
 12559 | D:8      | Identified the +8 whip "Qiubu" {elec, *Noise rElec Dex+3}
 12602 | D:8      | Killed a moth of wrath
 12617 | D:8      | Reached *** piety under Sif Muna
 12617 | D:8      | Reached skill level 1 in Throwing
 12833 | D:9      | Noticed Erolcha
 12837 | D:9      | Reached skill level 8 in Bows
 12907 | D:9      | Killed Erolcha
 12967 | D:9      | Noticed a two-headed ogre
 12981 | D:9      | Killed a two-headed ogre
 12981 | D:9      | Reached skill level 1 in Maces & Flails
 12981 | D:9      | Reached skill level 5 in Dodging
 12987 | D:9      | Killed a two-headed ogre
 12987 | D:9      | Reached XP level 11. HP: 76/76 MP: 16/18
 13058 | D:9      | Found a runed translucent door.
 13077 | D:9      | Found the +10 large shield of Ignorance {rN+ Int-4}
 13141 | D:9      | Reached skill level 9 in Bows
 13196 | D:9      | Noticed a two-headed ogre
 13625 | D:9      | Killed a two-headed ogre
 13658 | D:9      | Found a staircase to the Lair.
 13665 | D:9      | Found a staircase to the Orcish Mines.
 13688 | D:9      | HP: 2/77 [something/exploding inner flame[the player
                  | character] (35)]
 13688 | D:9      | Engulfed by a cloud of flame

Levels and vault maps discovered:
D:1:      dpeg_arrival_circle_labyrinth_c, layout_basic
D:2:      layout_loops_ring, grunt_ministairs_1
D:3:      layout_rooms, lemuel_crystal_altar, nicolae_overflow_hidden_temple,
          lemuel_coloured_pillars_altar
D:4:      layout_basic, gammafunk_temple_overflow_elements, serial_shops, shop
D:5:      cheibrodos_two_vegetables, layout_basic, lemuel_crystal_altar,
          nicolae_ru_awakened_eye, minmay_temple_entry_gardened_gates,
          first_ration
D:6:      layout_cave_pools, gammafunk_temple_overflow_wave,
          minmay_unpleasant_kobolds
D:7:      minmay_recursive_quarters, layout_basic,
          gammafunk_ghost_nasty_kobolds, chequers_avenue
D:8:      layout_cave_pods, marbit_many_paths, gammafunk_ghost_wrathful_warriors
D:9:      layout_irregular_city, gammafunk_temple_overflow_pools,
          dpeg_oklobed_lair, minmay_orc_entry_temple_small,
          chequers_guarded_unrand_ignorance, uniq_harold, uniq_erolcha
D:10:     gammafunk_corrupted_shrine, layout_basic, serial_shops,
          kennysheep_mini_moat, the_bakery, nicolae_transmutations_shop,
          minivault_16
Temple:   compressed_dpeg_circular_temple

Skill      XL: |  1  2  3  4  5  6  7  8  9 10 11 |
---------------+----------------------------------+-----
Stealth        | 3 4 5 6 |  6.3
Fighting       | 1 2 3 5 6 7 |  7.0
Spellcasting   | 3 4 |  4.7
Fire Magic     | 4 5 |  5.3
Conjurations   | 2 3 4 |  4.1
Short Blades   | 1 2 3 4 |  4.1
Dodging        | 3 4 5 |  5.2
Bows           | 2 6 8 9 |  9.3
Evocations     | 2 4 |  4.8
Throwing       | 1 |  1.6
Maces & Flails | 1 2 |  2.2
Hexes          | |  0.8

Action                   |  1- 3 |  4- 6 |  7- 9 | 10-12 || total
-------------------------+-------+-------+-------+-------++-------
Melee: Unarmed           |     3 |       |       |       ||     3
       Constrict         |     4 |     6 |    24 |     6 ||    40
       Tentacles         |     4 |     5 |    27 |     6 ||    42
       Short sword       |     3 |       |       |       ||     3
       Dagger            |    16 |    32 |   121 |    21 ||   190
       Whip              |       |       |       |    23 ||    23
 Fire: Shortbow          |       |       |    84 |    53 ||   137
Throw: Dart              |       |       |     3 |     5 ||     8
 Cast: Foxfire           |    37 |    71 |    79 |     2 ||   189
       Conjure Flame     |       |     1 |     6 |     2 ||     9
       Inner Flame       |       |       |    10 |     7 ||    17
       Sticky Flame      |       |       |     1 |     1 ||     2
Evoke: Wand              |       |       |     3 |     2 ||     5
  Use: Scroll            |       |     5 |    13 |     5 ||    23
       Potion            |       |     1 |    11 |     2 ||    14
 Stab: Sleeping          |     4 |     4 |    15 |     3 ||    26
  Eat: Chunk             |     1 |    10 |    17 |     5 ||    33
       Ration            |       |     1 |     2 |       ||     3
Armor: Skin              |     4 |    13 |    12 |    17 ||    46
Dodge: Dodged            |    47 |    63 |   123 |    52 ||   285

Table legend:
 A = Non-vault XP
 B = Vault XP
 C = Vault XP percentage of total XP
 D = Non-vault monster count
 E = Vault monster count
 F = Vault count percentage of total count
                 A         B        C        D         E       F
            +---------+---------+-------+---------+---------+-------
      Total |    7949 |    3138 |  28.3 |     184 |      36 |  16.4
            +---------+---------+-------+---------+---------+-------
        D:1 |      43 |       0 |   0.0 |      30 |       0 |   0.0
        D:2 |      97 |       3 |   3.0 |      21 |       2 |   8.7
        D:3 |     152 |       0 |   0.0 |       8 |       0 |   0.0
        D:4 |     321 |       0 |   0.0 |      14 |       0 |   0.0
        D:5 |     694 |     407 |  37.0 |      24 |       8 |  25.0
        D:6 |     749 |     105 |  12.3 |      19 |       6 |  24.0
        D:7 |     769 |     356 |  31.6 |      19 |       6 |  24.0
        D:8 |    1312 |    1050 |  44.5 |      27 |       7 |  20.6
        D:9 |    3770 |    1217 |  24.4 |      21 |       7 |  25.0
     Temple |      42 |       0 |   0.0 |       1 |       0 |   0.0
            +---------+---------+-------+---------+---------+-------
